 Dungeon Crawl Stone Soup version 0.29-a0-284-gf9362112df (webtiles) character file.

Game seed: 6977211033061250463

2111 spaghetti the Covert (level 9, -3/84 HPs)
             Began as an Octopode Berserker on Mar 31, 2022.
             Was a Priest of Trog.
             Slain by a gnoll
             ... wielding a +0 spear
              (5 damage)
             ... on level 7 of the Dungeon.
             The game lasted 00:09:20 (5641 turns).

spaghetti the Covert (Octopode Berserker)           Turns: 5641, Time: 00:09:21

Health: -3/84      AC:  1    Str: 16    XL:     9   Next: 28%
Magic:  9/9        EV: 14    Int: 13    God:    Trog [***...]
Gold:   295        SH:  0    Dex: 14    Spells: 8/8 levels left

rFire   . . .      SeeInvis .   G - +7 mace of the Red God {speed, rC+ Int+4, mace}
rCold   + . .      Faith    .   (no shield)
rNeg    . . .      Spirit   .   (helmet restricted)
rPois   +          Reflect  .   e - amulet of regeneration {@e2}
rElec   .          Harm     .   (no ring)
rCorr   .          Rampage  .   (no ring)
Will    .....                   (no ring)
Stlth   ..........              (no ring)
HPRegen 1.04/turn               (no ring)
MPRegen 0.11/turn               (no ring)
                                (no ring)
                                (no ring)

@: berserking, very quick
A: almost no armour, amphibious, 8 rings, camouflage 1, gelatinous body 1,
(nimble swimmer 1), tentacles, clumsy 1, poison resistance
a: Renounce Religion, Berserk, Trog's Hand


You were on level 7 of the Dungeon.
You worshipped Trog.
Trog was most pleased with you.
You visited 1 branch of the dungeon, and saw 7 of its levels.
You also visited: Sewer.

You collected 463 gold pieces.
You spent 168 gold pieces at shops.


Innate Abilities, Weirdness & Mutations

You cannot wear most types of armour.
You are amphibious.
You can wear up to eight rings at the same time.
Your skin changes colour to match your surroundings (Stealth+).
Your rubbery body absorbs attacks. (AC +1, EV +1)
((You are camouflaged when in or above water. (Stealth+)))
You have tentacles for arms and can constrict up to eight enemies at once.
You are clumsy. (Dex -2)
Your system is resistant to poisons. (rPois)


   Skills:
 - Level 3.0 Fighting
 - Level 3.0 Short Blades
 - Level 5.0 Throwing
 + Level 3.4 Dodging
 * Level 14.7 Stealth


You had 8 spell levels left.
You didn't know any spells.
Your spell library contained the following spells:

 Spells                   Type           Power      Damage    Failure   Level
 Animate Skeleton         Necr           0%         N/A       30%         1
 Apportation              Tloc           0%         N/A       30%         1
 Summon Small Mammal      Summ           0%         N/A       30%         1
 Static Discharge         Conj/Air       0%         N/A       43%         2
 Animate Dead             Necr           0%         N/A       97%         4
 Dispel Undead            Necr           0%         3d6       97%         4
 Sticky Flame             Conj/Fire      0%         2d3       97%         4
 Haunt                    Necr/Summ      0%         N/A       100%        7
 Infestation              Necr           0%         N/A       100%        8

Inventory:

Hand Weapons
 a - a +1 whip of venom {mace}
   (You took it off a gnoll on level 5 of the Dungeon)
 b - the +4 shortbow of Kugub {freeze, rElec rC+ Int-5 Dex+5, bow}
   (You bought it in a shop on level 6 of the Dungeon)

   Any ammunition fired from it freezes those it strikes, dealing additional
   cold damage.
   It can also slow down cold-blooded creatures.
   Int:       It affects your intelligence (-5).
   Dex:       It affects your dexterity (+5).
   rC:        It protects you from cold.
   rElec:     It insulates you from electricity.
 t - a +0 rapier {short}
   (You found it in a sewer)
 C - a +5 mace {mace}
   (You took it off an orc priest on level 5 of the Dungeon)
 D - a +0 short sword {short}
 G - the +7 mace of the Red God (weapon) {speed, rC+ Int+4, mace}
   (You found it on level 6 of the Dungeon)

   Attacks with this weapon are significantly faster.
   Int:       It affects your intelligence (+4).
   rC:        It protects you from cold.
 I - a +1 whip of electrocution {mace}
   (You took it off an orc on level 7 of the Dungeon)
Missiles
 c - 4 boomerangs {throwing}
 i - 156 stones (quivered) {throwing}
 u - a throwing net {=f!fthrowing}
 x - 4 javelins {throwing}
 A - 2 poisoned darts {throwing}
Magical Staves
 J - a staff of cold {forbidden!astaff}
   (You found it on level 7 of the Dungeon)
Jewellery
 e - an amulet of regeneration (around mantle) {@e2}
   (You found it on level 1 of the Dungeon)
 q - a ring of fire
   (You found it on level 6 of the Dungeon)
 E - a ring of ice
   (You took it off an orc on level 5 of the Dungeon)
Wands
 v - a wand of polymorph (5)
   (You found it on level 3 of the Dungeon)
 y - a wand of charming (7)
   (You found it on level 4 of the Dungeon)
 F - a wand of iceblast (12)
   (You found it on level 6 of the Dungeon)
 H - a wand of flame (22)
   (You found it on level 6 of the Dungeon)
Scrolls
 f - 2 scrolls of noise {unknown}
 g - a scroll of enchant armour {unknown}
 h - 3 scrolls of teleportation {unknown}
 j - a scroll of magic mapping {unknown}
 k - a scroll of silence {unknown}
 m - a scroll of holy word {unknown}
 o - 2 scrolls of amnesia {unknown}
 p - a scroll of fog {unknown}
 r - a scroll of enchant weapon {unknown}
 s - 9 scrolls of identify {unknown}
 w - a scroll of vulnerability {unknown}
 z - 3 scrolls of blinking {unknown}
 B - a scroll of immolation {unknown}
Potions
 d - a potion of heal wounds {unknown}
 l - a potion of flight
 n - a potion of berserk rage {unknown}

Dungeon Overview and Level Annotations

Branches:
Dungeon (7/15)             Temple (0/1) D:6           Sewer (visited)

Altars:
Trog

Shops:
D:5 * D:6

( #.#.. ..
#.#.##.#
#.#..og##
#.#<....#
#.......#
#.ggg...#
#(.o...# ##
#((@...+ ..
#..)...# .#
#.#(##+####.## #
#............##.#
#...............
#.....)......# #
#............##.#
#..#+#.#.........
#.# #.#........#


You could see 2 orc warriors and 4 gnolls.


Message History

No target in view!
No target in view!
No target in view!
No target in view!
No target in view!
No target in view!
No target in view!
No target in view!
No target in view!
No target in view!
No target in view!
No target in view!
No target in view!
No target in view!
No target in view!
No target in view!
Things that are here:
a +0 dagger {short}; a +0 chain mail; an orc corpse 😎 HP[+2]
Your hp is fully restored (56).
i - 157 stones {throwing} (gained 1)
An orc wizard comes into view. It is wielding a +0 dagger.
Found a stone staircase leading up.
An orc wizard is nearby!
An orc wizard is nearby!
An orc wizard is nearby!
You throw a stone {throwing}.
The stone {throwing} hits the orc wizard.
The orc wizard casts a spell.
The orc wizard flickers and vanishes!
Deactivating autopickup; reactivate with Ctrl-A.
No target in view!
No target in view!
No target in view!
No target in view!
No target in view!
No target in view!
No target in view!
No target in view!
No target in view!
No target in view!
No target in view!
No target in view!
No target in view!
An orc warrior comes into view. It is wielding a +0 glaive.
You see here a stone {throwing}.
You miss something. Something barely misses you.
You sock something! You squeeze something. Trog accepts your kill.
Trog appreciates your killing of a magic user.
Reactivating autopickup.
You feel a bit more experienced.
The orc warrior shouts!
You hear a shout! x2 2 gnolls come into view.
The orc warrior barely misses you.
Things that are here:
a +0 dagger {short}; a +0 robe A gnoll comes into view.
It is wielding a +0 spear.
The orc warrior barely misses you.
You see here a stone {throwing}.
You barely miss the orc warrior. Your grab misses the orc warrior.
The orc warrior hits you with a +0 glaive! 😕 HP[-7]
You take 7 damage, and now have 49/56 hp.
You thump the orc warrior!
Your grab misses the orc warrior. 😕 HP[+1]
You barely miss the orc warrior. Your grab misses the orc warrior.
The orc warrior barely misses you. 😕 HP[+1]
You hit the orc warrior but do no damage.
Your grab misses the orc warrior. You squeeze the orc warrior.
An orc warrior comes into view. It is wielding a +0 hand axe.
The orc warrior misses you.
The gnoll hits you from afar with a +0 spear.
The gnoll closely misses you.
A gnoll comes into view. It is wielding a +0 spear. 😕 HP[-5]
You take 5 damage, and now have 46/56 hp.
You closely miss the orc warrior.
The gnoll shouts!
Your grab misses the orc warrior.
You hear a croak.
The gnoll hits you from afar with a +0 spear. x2
The orc warrior hits you with a +0 glaive!!
* * * LOW HITPOINT WARNING * * *
😱 HP[-33]
You take 33 damage, and now have 13/56 hp.
MASSIVE DAMAGE!! (PAUSE)
A red film seems to cover your vision as you go berserk!
You feel yourself moving faster!
You feel mighty!
The orc warrior hits you with a +0 glaive!
* * * LOW HITPOINT WARNING * * *
The gnoll hits you from afar with a +0 spear.
* * * LOW HITPOINT WARNING * * *
The gnoll misses you. The gnoll closely misses you. 😱 HP[-12]
You now have 84 max hp (+28).
You barely miss the orc warrior. Your grab misses the orc warrior.
The gnoll hits you from afar with a +0 spear.
You die...

Skill      XL: |  1  2  3  4  5  6  7  8  9 |
---------------+----------------------------+-----
Stealth        | 2 3 5 6 8 9 10 13 14 | 14.7
Throwing       | 2 3 5 |  5.0
Fighting       | |  3.0
Short Blades   | |  3.0
Dodging        | |  3.4

Action                   |  1- 3 |  4- 6 |  7- 9 || total
-------------------------+-------+-------+-------++-------
Melee: Short sword       |    68 |    92 |    11 ||   171
       Constrict         |    16 |    17 |    42 ||    75
       Tentacles         |     8 |    12 |    42 ||    62
       Punch             |     2 |     1 |     3 ||     6
       Whip              |       |       |    91 ||    91
       Mace              |       |       |    47 ||    47
       Rapier            |       |       |     7 ||     7
 Fire: Shortbow          |       |       |    10 ||    10
Throw: Stone             |       |    31 |   139 ||   170
Invok: Berserk           |     1 |     2 |     8 ||    11
       Trog's Hand       |       |       |     1 ||     1
  Use: Potion            |       |       |     7 ||     7
 Stab: Sleeping          |    10 |    14 |     6 ||    30
Armor: Skin              |     6 |     2 |    37 ||    45
Dodge: Dodged            |    35 |    47 |    88 ||   170

Levels and vault maps discovered:
D:1:      heliophobic_arrival_henge, layout_loops_ring,
          shapermc_ecumenical_altar_starsandcircs, serial_forest,
          infiniplex_forest_clump_medium, infiniplex_forest_clump_double,
          infiniplex_forest_clump_medium, infiniplex_forest_lined_corner,
          infiniplex_forest_zigzag_1, infiniplex_forest_zigzag_2,
          infiniplex_forest_clump_tiny
D:2:      layout_basic
D:3:      layout_rooms, portal_sewer_entry_d
D:4:      layout_gridville, uniq_sigmund
D:5:      layout_basic, nicolae_shop_fire_sale [nicolae_sub_dead_trees],
          uniq_edmund
D:6:      layout_layer_cave, trog_ov_bears_minmay, serial_shops, shop,
          minmay_fountain_box, dreamdust_wishing_well
D:7:      nzn_winding_woodlands_medium [nzn_winding_woodlands_5x5_perimeter,
          nzn_winding_woodlands_5x15_twine, nzn_winding_woodlands_5x5_three,
          nzn_winding_woodlands_hourglass, nzn_winding_woodlands_center_lodge,
          nzn_winding_woodlands_5x5_cross, nzn_winding_woodlands_5x5_default,
          nzn_winding_woodlands_5x15_parted,
          nzn_winding_woodlands_5x5_closed_star], layout_basic, uniq_joseph

Notes
Turn   | Place    | Note
-------+----------+-------------------------------------------
     0 | D:1      | spaghetti the Octopode Berserker began the quest for the
                  | Orb.
     0 | D:1      | Reached XP level 1. HP: 16/16 MP: 1/1
     0 | D:1      | magus.rc [v1.9.6]
    27 | D:1      | Reached skill level 1 in Stealth
   189 | D:1      | Reached skill level 2 in Stealth
   191 | D:1      | Reached XP level 2. HP: 17/21 MP: 2/2
   397 | D:1      | Found a faded altar of an unknown god.
   404 | D:1      | Reached skill level 3 in Stealth
   583 | D:1      | Reached ** piety under Trog
   584 | D:1      | Reached XP level 3. HP: 26/26 MP: 3/3
   789 | D:1      | Reached skill level 4 in Stealth
  1185 | D:2      | You pick up a book of Death {forbidden} and begin
                  | reading...
  1185 | D:2      | You add the spells Animate Dead, Haunt and Infestation to
                  | your library.
  1316 | D:2      | Reached skill level 5 in Stealth
  1316 | D:2      | Reached XP level 4. HP: 28/31 MP: 4/4
  1980 | D:3      | Found a glowing drain.
  1996 | Sewer    | Entered a sewer
  2219 | Sewer    | Reached skill level 6 in Stealth
  2410 | D:3      | Reached XP level 5. HP: 28/36 MP: 5/5
  2424 | D:3      | Reached skill level 7 in Stealth
  2515 | D:3      | You pick up a book of Touch {forbidden} and begin
                  | reading...
  2515 | D:3      | You add the spells Static Discharge, Sticky Flame and
                  | Dispel Undead to your library.
  2730 | D:4      | Noticed Sigmund
  2745 | D:4      | Killed Sigmund
  2746 | D:4      | Reached skill level 2 in Throwing
  2746 | D:4      | Reached skill level 8 in Stealth
  2746 | D:4      | Reached XP level 6. HP: 42/42 MP: 6/6
  2779 | D:4      | You pick up a book of Cantrips {forbidden} and begin
                  | reading...
  2779 | D:4      | You add the spells Animate Skeleton, Summon Small Mammal
                  | and Apportation to your library.
  2922 | D:4      | Reached skill level 9 in Stealth
  2922 | D:4      | Reached XP level 7. HP: 43/46 MP: 7/7
  3486 | D:5      | Entered Level 5 of the Dungeon
  3495 | D:5      | Reached skill level 3 in Throwing
  3498 | D:5      | Reached *** piety under Trog
  3544 | D:5      | Reached skill level 10 in Stealth
  3831 | D:5      | Reached XP level 8. HP: 22/52 MP: 8/8
  3835 | D:5      | HP: 12/52 [gnoll shaman/+0 club (4)]
  3844 | D:5      | HP: 18/78 [gnoll/+3 spear (5)]
  3846 | D:5      | Reached skill level 11 in Stealth
  3846 | D:5      | Gained mutation: You are clumsy. (Dex -2) [potion of
                  | mutation]
  3846 | D:5      | Gained mutation: Your system is resistant to poisons.
                  | (rPois) [potion of mutation]
  3857 | D:5      | Reached skill level 4 in Throwing
  3993 | D:5      | Found Lushoine's Fire Supplies.
  4020 | D:5      | Noticed Edmund
  4032 | D:5      | Killed Edmund
  4431 | D:6      | Found a staircase to the Ecumenical Temple.
  4450 | D:6      | Reached skill level 12 in Stealth
  4450 | D:6      | Found Guynekkyi's Antique Weapon Shoppe.
  4459 | D:6      | Bought a warped shortbow for 168 gold pieces
  4459 | D:6      | Identified the +4 shortbow of Kugub {freeze, rElec rC+
                  | Int-5 Dex+5} (You bought it in a shop on level 6 of the
                  | Dungeon)
  4851 | D:6      | Found a bloodstained altar of Trog.
  4856 | D:6      | Reached skill level 5 in Throwing
  4863 | D:6      | Reached skill level 13 in Stealth
  4892 | D:6      | Identified the +7 mace of the Red God {speed, rC+ Int+4}
  5016 | D:6      | Reached XP level 9. HP: 49/56 MP: 9/9
  5068 | D:6      | Reached skill level 14 in Stealth
  5639 | D:7      | HP: 13/56 [orc warrior/+0 glaive (24)]
  5640 | D:7      | HP: 5/84 [orc warrior/+0 glaive (15)]
  5640 | D:7      | HP: 1/84 [gnoll/+0 spear (4)]
  5641 | D:7      | Slain by a gnoll

Vanquished Creatures
  Sigmund (D:4)
  Edmund (D:5)
  5 black bears
  A phantom (D:6)
  3 bullfrogs
  3 scorpions
  3 jellies (D:5)
  3 howler monkeys
  2 hounds
  2 gnoll shamans (D:5)
  3 orc priests
  2 iguanas
  3 orc wizards
  14 gnolls
  14 adders
  A shadow imp (D:6)
  A white imp (D:7)
  2 dart slugs
  16 orcs
  6 endoplasms
  3 giant cockroaches
  7 goblins
  7 hobgoblins
  4 jackals (D:1)
  7 kobolds
  4 quokkas
  7 ball pythons
  A bat (D:1)
  8 frilled lizards
  8 rats
142 creatures vanquished.

Vanquished Creatures (others)
  A plant (D:1)
1 creature vanquished.

Grand Total: 143 creatures vanquished

Table legend:
 A = Non-vault XP
 B = Vault XP
 C = Vault XP percentage of total XP
 D = Non-vault monster count
 E = Vault monster count
 F = Vault count percentage of total count
                 A         B        C        D         E       F
            +---------+---------+-------+---------+---------+-------
      Total |    2321 |     695 |  23.0 |     122 |      20 |  14.1
            +---------+---------+-------+---------+---------+-------
        D:1 |      46 |       0 |   0.0 |      25 |       0 |   0.0
        D:2 |      46 |       0 |   0.0 |      14 |       0 |   0.0
        D:3 |      74 |      13 |  14.9 |      10 |       1 |   9.1
        D:4 |     348 |     226 |  39.4 |      17 |       1 |   5.6
        D:5 |     610 |     149 |  19.6 |      30 |       1 |   3.2
        D:6 |     805 |     255 |  24.1 |      18 |       2 |  10.0
        D:7 |     392 |       0 |   0.0 |       8 |       0 |   0.0
      Sewer |       0 |      52 | 100.0 |       0 |      15 | 100.0
            +---------+---------+-------+---------+---------+-------

Illustrated notes

Table legend:
 A = Kills in this place as a percentage of kills in entire the game.
 B = Kills by you in this place as a percentage of kills by you in the entire game.
 C = Kills by friends in this place as a percentage of kills by friends in the entire game.
 D = Other kills in this place as a percentage of other kills in the entire game.
 E = Experience gained in this place as a percentage of experience gained in the entire game.
 F = Experience gained in this place divided by the number of levels of this place that you have seen.
                   A       B       C       D       E      F
               +-------+-------+-------+-------+-------+----------------------
         Total | 100.0 | 100.0 |   N/A |   N/A | 100.0 | 377.0
       Dungeon |  89.4 |  89.4 |   N/A |   N/A |  98.3 | 423.4
         Sewer |  10.6 |  10.6 |   N/A |   N/A |   1.7 |  52.0
               +-------+-------+-------+-------+-------+----------------------

Table legend: (Time is in decaauts)
 A = Elapsed time spent in this place.
 B = Non-inter-level travel time spent in this place.
 C = Inter-level travel time spent in this place.
 D = Time resting spent in this place.
 E = Time spent auto-exploring this place.
 F = Levels seen in this place.
 G = Mean time per level.
                   A        B        C        D        E       F      G
               +--------+--------+--------+--------+--------+-----+--------+
         Total |   5719 |   5515 |    204 |    349 |   4099 |   8 |  714.9 |
       Dungeon |   5387 |   5183 |    204 |    343 |   3941 |   7 |  769.6 |
         Sewer |    331 |    331 |      0 |      6 |    158 |   1 |  331.0 |
               +--------+--------+--------+--------+--------+-----+--------+

Top non-repeatable levels by time:
     D:6: 1183 daAuts
     D:1: 1009 daAuts
     D:2: 916 daAuts
     D:5: 889 daAuts
     D:4: 831 daAuts
     D:3: 415 daAuts
   Sewer: 331 daAuts
     D:7: 141 daAuts
